 Dungeon Crawl Stone Soup version 0.22.1-1-ga44c0e5 (webtiles) character file.

23 Tarasboulda the Caller (level 2, 0/15 HPs)
             Began as a Deep Elf Summoner on Sept 24, 2018.
             Slain by a jackal (2 damage)
             ... on level 2 of the Dungeon.
             The game lasted 00:04:55 (1002 turns).

Tarasboulda the Caller (Deep Elf Summoner)          Turns: 1002, Time: 00:04:56

Health: 0/15       AC:  2    Str:  5    XL:     2   Next: 72%
Magic:  5/8        EV: 13    Int: 19    God:
Gold:   74         SH:  0    Dex: 15    Spells: 5/8 levels left

rFire    . . .     SeeInvis .   (no weapon)
rCold    . . .     Gourm    .   (no shield)
rNeg     . . .     Faith    .   a - +0 robe
rPois    .         Spirit   .   (no helmet)
rElec    .         Reflect  .   (no cloak)
rCorr    .         Harm     .   (no gloves)
MR       .....                  (no boots)
Stlth    ++........             (no amulet)
HPRegen  0.05/turn              (no ring)
MPRegen  0.11/turn              (no ring)

@: no status effects
A: no striking features
a: no special abilities


You were on level 2 of the Dungeon.
You were not hungry.

You visited 1 branch of the dungeon, and saw 2 of its levels.

You collected 74 gold pieces.

Inventory:

Armour
 a - a +0 robe (worn)
Scrolls
 b - 2 scrolls of identify {unknown}
 d - 2 scrolls of remove curse {unknown}
 f - a scroll of teleportation {unknown}
Potions
 e - a potion of agility {unknown}
 g - a potion of haste {unknown}
 h - a potion of resistance {unknown}
 i - a potion of might {unknown}
 j - a potion of flight {unknown}
Comestibles
 c - a ration


   Skills:
 - Level 2.4 Dodging
 - Level 2.4 Stealth
 + Level 3.6 Spellcasting
 * Level 5.0 Summonings


You had 5 spell levels left.
You knew the following spells:

 Your Spells              Type           Power        Failure   Level  Hunger
a - Summon Small Mammal   Summ           ###.         1%          1    None
b - Call Imp              Summ           ###.....     2%          2    ##.....

Your spell library contained the following spells:

 Spells                   Type           Power        Failure   Level  Hunger
 Call Canine Familiar     Summ           ###.....     5%          3    ###....
 Summon Guardian Golem    Hex/Summ       ##......     16%         3    ###....
 Summon Ice Beast         Ice/Summ       ##......     45%         4    ####...
 Summon Lightning Spire   Summ/Air       ##......     45%         4    ####...


Dungeon Overview and Level Annotations

Branches:
Dungeon (2/15)

Altars:


Message History

Orders for allies: a - Attack new target. p - Attack previous target. r - Retreat! s - Stop attacking. g - Guard the area. f - Follow me.
Anything else - Cancel.
Gang up on whom?
Press: ? - help, Dir - move target cursor, f/p - jackal
Aim: a jackal (severely wounded) Attack!
Your shadow imp misses the jackal.
The jackal bites you. The jackal barely misses you.
Your shadow imp closely misses the jackal.
The jackal bites you.
* * * LOW HITPOINT WARNING * * *
Casting: Call Imp (safe; 2% risk of failure)
Confirm with . or Enter, or press ? or * to list all spells.
A beastly little devil appears in a puff of flame.
Your shadow imp hits the jackal.
The jackal bites you.
* * * LOW HITPOINT WARNING * * *
Your shadow imp barely misses the jackal.
The jackal bites you.
You die...

### #.# #.#######
##### #.# #.^......
..#.. .(.
#.###########.#.# #.#
#...........#.#.# #.#
#..########.#.#.# #.#
#..# #....#.#.#.###5##
...###.##.#.#.#.@h...#
..................5.(#
##.###......#+####...#
#.# ####......# #...#
#.# #......#
##..#####.# #.#
#......# #........#
#.# #......#
#...###### #.#
#.###+######†.# #.#
#.# #.....##


You could see a jackal, a friendly crimson imp and a friendly shadow imp.

Vanquished Creatures (collateral kills)
  An adder (D:2)
  An ooze (D:2)
  A dart slug (D:2)
  A giant cockroach (D:1)
  3 goblins
  3 hobgoblins
  6 jackals
  A kobold (D:1)
  2 bats (D:2)
  4 rats
23 creatures vanquished.

Notes
Turn   | Place    | Note
-------+----------+-------------------------------------------
     0 | D:1      | Tarasboulda the Deep Elf Summoner began the quest for the
                  | Orb.
     0 | D:1      | Reached XP level 1. HP: 10/10 MP: 6/6
     0 | D:1      | Noticed a centaur
     1 | D:1      | Noticed a draconian
     1 | D:1      | Noticed a naga
     3 | D:1      | Noticed a minotaur zombie
     6 | D:1      | Noticed an elf
    14 | D:1      | Noticed a merfolk zombie
    18 | D:1      | Noticed a dwarf
   463 | D:1      | Reached XP level 2. HP: 15/15 MP: 6/8
   508 | D:1      | Learned a level 2 spell: Call Imp
   969 | D:2      | Reached skill level 5 in Summonings
  1002 | D:2      | Slain by a jackal

Skill      XL: |  1  2 |
---------------+-------+-----
Summonings     | 5 |  5.0
Dodging        | |  2.4
Stealth        | |  2.4
Spellcasting   | |  3.6

Action                   || total
-------------------------++-------
Melee: Unarmed           ||     4
 Cast: Summon Small Mamm ||    21
       Call Imp          ||     7
Armor: Robe              ||     9
Dodge: Dodged            ||    37
